SAA
DURHAM RAPIERS @ RICHLAND RAILS
08/31/2028
 
TOP OF THE 1ST
Durham Rapiers batting - Pitching for Richland Rails : RHP Paco Manuel
Pitching: RHP Paco Manuel
Batting: RHB António Díaz 0-0: Fly out, F9 (Flyball, 9S)
Batting: RHB Jules Winnfield 0-0: Ball
1-0: Ball
2-0: Called Strike
2-1: Called Strike
2-2: Ball
3-2: Strikes out swinging
Batting: RHB Vincent Klein 0-0: Ball
1-0: Swinging Strike
1-1: Ball
2-1: Fly out, F8 (Flyball, 8LXD)
Top of the 1st over - 0 run(s), 0 hit(s), 0 error(s), 0 left on base; Durham 0 - Richland 0
BOTTOM OF THE 1ST
Richland Rails batting - Pitching for Durham Rapiers : RHP Dave Seals
Pitching: RHP Dave Seals
Batting: LHB Orlando Casillas 0-0: Bunted foul
0-1: Foul Ball, location: 2F
0-2: Ball
1-2: Ball
2-2: Ball
3-2: Foul Ball, location: 2F
3-2: Foul Ball, location: 2F
3-2: Foul Ball, location: 2F
3-2: Fly out, F2 (Popup, 25)
Batting: RHB Alexandre Keeping 0-0: Ball
1-0: Called Strike
1-1: Ball
2-1: Ball
3-1: Ground out 4-3 (Groundball, 4M)
Batting: SHB Félix Medina 0-0: Fly out, F8 (Flyball, 8LD)
Bottom of the 1st over - 0 run(s), 0 hit(s), 0 error(s), 0 left on base; Durham 0 - Richland 0
TOP OF THE 2ND
Durham Rapiers batting - Pitching for Richland Rails : RHP Paco Manuel
Batting: LHB Alberto Garza 0-0: Ball
1-0: Foul Ball, location: 2F
1-1: Ball
2-1: Called Strike
2-2: Foul Ball, location: 2F
2-2: Foul Ball, location: 2F
2-2: Strikes out swinging
Batting: RHB Dave Sienna 0-0: Called Strike
0-1: SINGLE (Line Drive, 89S)
Batting: RHB Luis Martínez 0-0: Fly out, F8 (Flyball, 8RM)
Batting: RHB Rick McGuire 0-0: Ball
Throwing error on steal attempt, E2
Dave Sienna to third
1-0: 2-RUN HOME RUN (Flyball, 7LD), Distance : 322 ft
Batting: SHB Carlos Chávez 0-0: Ball
1-0: Ball
2-0: Ground out 4-3 (Groundball, 4)
Top of the 2nd over - 2 run(s), 2 hit(s), 1 error(s), 0 left on base; Durham 2 - Richland 0
BOTTOM OF THE 2ND
Richland Rails batting - Pitching for Durham Rapiers : RHP Dave Seals
Batting: RHB Lee Faught 0-0: Foul Ball, location: 2F
0-1: Foul Ball, location: 2F
0-2: Fly out, F8 (Flyball, 8LS)
Batting: SHB Jorge Colón 0-0: Foul Ball, location: 2F
0-1: Foul Ball, location: 2F
0-2: Strikes out looking
Batting: RHB Christian Gentry 0-0: Swinging Strike
0-1: Ball
1-1: Ground out 1-3 (Groundball, P)
Bottom of the 2nd over - 0 run(s), 0 hit(s), 0 error(s), 0 left on base; Durham 2 - Richland 0
TOP OF THE 3RD
Durham Rapiers batting - Pitching for Richland Rails : RHP Paco Manuel
Batting: RHB Júlio Gonzáles 0-0: Called Strike
0-1: Foul Ball, location: 2F
0-2: Ground out 6-3 (Groundball, 6)
Batting: RHB António Díaz 0-0: Called Strike
0-1: Ball
1-1: Swinging Strike
1-2: Ground out 5-3 (Groundball, 25)
Batting: RHB Jules Winnfield 0-0: Ball
1-0: Reached on error, E7 (Line Drive, 7)
Batting: RHB Vincent Klein 0-0: Ball
1-0: Called Strike
1-1: Called Strike
1-2: Ball
2-2: Strikes out swinging
Top of the 3rd over - 0 run(s), 0 hit(s), 1 error(s), 1 left on base; Durham 2 - Richland 0
BOTTOM OF THE 3RD
Richland Rails batting - Pitching for Durham Rapiers : RHP Dave Seals
Batting: LHB Mike Gillespie 0-0: Fly out, F4 (Popup, 4D)
Batting: LHB Armando Peńa 0-0: Called Strike
0-1: Swinging Strike
0-2: Ball
1-2: Ball
2-2: Ball
3-2: Foul Ball, location: 2F
3-2: Base on Balls
Batting: RHB Kazu Hishida 0-0: Called Strike
0-1: Foul Ball, location: 2F
0-2: Ball
1-2: Fly out, F9 (Flyball, 9)
Batting: LHB Orlando Casillas 0-0: Fly out, F7 (Line Drive, 7)
Bottom of the 3rd over - 0 run(s), 0 hit(s), 0 error(s), 1 left on base; Durham 2 - Richland 0
TOP OF THE 4TH
Durham Rapiers batting - Pitching for Richland Rails : RHP Paco Manuel
Batting: LHB Alberto Garza 0-0: Called Strike
0-1: Ball
1-1: Called Strike
1-2: SINGLE (Flyball, 8RS)
Batting: RHB Dave Sienna 0-0: Swinging Strike
0-1: Ball
1-1: Ball
2-1: Ball
3-1: Swinging Strike
3-2: Fly out, F9 (Flyball, 9LMF)
Batting: RHB Luis Martínez 0-0: Ball
1-0: 2-RUN HOME RUN (Flyball, 7D), Distance : 366 ft
Batting: RHB Rick McGuire 0-0: Ball
1-0: Foul Ball, location: 2F
1-1: Ground out 6-3 (Groundball, 6M)
Batting: SHB Carlos Chávez 0-0: Ball
1-0: Foul Ball, location: 2F
1-1: Called Strike
1-2: Ground out 5-3 (Groundball, 56)
Top of the 4th over - 2 run(s), 2 hit(s), 0 error(s), 0 left on base; Durham 4 - Richland 0
BOTTOM OF THE 4TH
Richland Rails batting - Pitching for Durham Rapiers : RHP Dave Seals
Batting: RHB Alexandre Keeping 0-0: Ground out 5-3 (Groundball, 56)
Batting: SHB Félix Medina 0-0: Called Strike
0-1: Foul Ball, location: 2F
0-2: Foul Ball, location: 2F
0-2: Ball
1-2: Ball
2-2: Foul Ball, location: 2F
2-2: Ball
3-2: Ground out 4-3 (Groundball, 4)
Batting: RHB Lee Faught 0-0: Ball
1-0: Foul Ball, location: 2F
1-1: Foul Ball, location: 2F
1-2: Ground out 4-3 (Groundball, 34)
Bottom of the 4th over - 0 run(s), 0 hit(s), 0 error(s), 0 left on base; Durham 4 - Richland 0
TOP OF THE 5TH
Durham Rapiers batting - Pitching for Richland Rails : RHP Paco Manuel
Batting: RHB Júlio Gonzáles 0-0: Called Strike
0-1: Ball
1-1: Called Strike
1-2: Strikes out swinging
Batting: RHB António Díaz 0-0: Ball
1-0: Ground out 5-3 (Groundball, 56)
Batting: RHB Jules Winnfield 0-0: Ball
1-0: Ball
2-0: Foul Ball, location: 2F
2-1: Swinging Strike
2-2: Foul Ball, location: 2F
2-2: Foul Ball, location: 2F
2-2: Ground out 4-3 (Groundball, 4)
Top of the 5th over - 0 run(s), 0 hit(s), 0 error(s), 0 left on base; Durham 4 - Richland 0
BOTTOM OF THE 5TH
Richland Rails batting - Pitching for Durham Rapiers : RHP Dave Seals
Batting: SHB Jorge Colón 0-0: Called Strike
0-1: SINGLE (Line Drive, 4MD)
Batting: RHB Christian Gentry 0-0: Ball
1-0: Ball
2-0: Ball
3-0: Base on Balls
Jorge Colón to second
Batting: LHB Mike Gillespie 0-0: Called Strike
0-1: SINGLE (Groundball, 6D)
Jorge Colón to third
Christian Gentry to second
Batting: LHB Armando Peńa 0-0: Foul Ball, location: 2F
0-1: Ball
1-1: Foul Ball, location: 2F
1-2: Ball
2-2: Foul Ball, location: 2F
2-2: Fly out, F4 (Line Drive, 4)
Batting: RHB Kazu Hishida 0-0: Ball
1-0: Swinging Strike
1-1: Foul Ball, location: 2F
1-2: Strikes out looking
Batting: LHB Orlando Casillas 0-0: Ball
1-0: Swinging Strike
1-1: Ground out 3-1 (Groundball, 34)
Bottom of the 5th over - 0 run(s), 2 hit(s), 0 error(s), 3 left on base; Durham 4 - Richland 0
TOP OF THE 6TH
Durham Rapiers batting - Pitching for Richland Rails : RHP Paco Manuel
Batting: RHB Vincent Klein 0-0: Called Strike
0-1: Swinging Strike
0-2: Strikes out swinging
Batting: LHB Alberto Garza 0-0: Called Strike
0-1: Foul Ball, location: 2F
0-2: Ball
1-2: DOUBLE (Line Drive, 7LM)
Batting: RHB Dave Sienna 0-0: Ball
1-0: Foul Ball, location: 2F
1-1: Foul Ball, location: 2F
1-2: Strikes out swinging
Batting: RHB Luis Martínez 0-0: Ball
1-0: Called Strike
1-1: Called Strike
1-2: Strikes out swinging
Top of the 6th over - 0 run(s), 1 hit(s), 0 error(s), 1 left on base; Durham 4 - Richland 0
BOTTOM OF THE 6TH
Richland Rails batting - Pitching for Durham Rapiers : RHP Dave Seals
Batting: RHB Alexandre Keeping 0-0: Ball
1-0: Hit by Pitch
Batting: SHB Félix Medina 0-0: Called Strike
0-1: Called Strike
0-2: Ground out U3 (Groundball, 34)
Alexandre Keeping to second
Batting: RHB Lee Faught 0-0: Swinging Strike
0-1: SINGLE (Groundball, 6) (infield hit)
Alexandre Keeping to third
Batting: SHB Jorge Colón 0-0: Foul Ball, location: 2F
0-1: SINGLE (Popup, 6MD)
Alexandre Keeping scores
Lee Faught to second
Batting: RHB Christian Gentry 0-0: Foul Ball, location: 2F
0-1: Ball
1-1: Ground out 5-3 (Groundball, 56S)
Lee Faught to third
Jorge Colón to second
Batting: LHB Mike Gillespie 0-0: Fly out, F7 (Flyball, 7S)
Bottom of the 6th over - 1 run(s), 2 hit(s), 0 error(s), 2 left on base; Durham 4 - Richland 1
TOP OF THE 7TH
Durham Rapiers batting - Pitching for Richland Rails : RHP Paco Manuel
Batting: RHB Rick McGuire 0-0: Called Strike
0-1: Ball
1-1: Swinging Strike
1-2: Ball
2-2: Ball
3-2: Foul Ball, location: 2F
3-2: Foul Ball, location: 2F
3-2: Base on Balls
Pitching: RHP Russ Melton
Batting: SHB Carlos Chávez 0-0: Ball
1-0: Sac Bunt - play at second, runner safe!
Batting: RHB Júlio Gonzáles 0-0: Bunted foul
0-1: Ball
1-1: Sac Bunt - play at third, runner OUT! 1-6
Carlos Chávez to second
Batting: RHB António Díaz 0-0: Foul Ball, location: 2F
0-1: Called Strike
0-2: Foul Ball, location: 2F
0-2: Ball
1-2: Ball
2-2: Ball
3-2: Foul Ball, location: 2F
3-2: Fly out, F9 (Flyball, 89M)
Batting: RHB Jules Winnfield 0-0: Ball
1-0: Ball
2-0: Swinging Strike
2-1: Ball
3-1: Base on Balls
Carlos Chávez to third
Júlio Gonzáles to second
Batting: RHB Vincent Klein 0-0: Ball
1-0: Ball
2-0: Foul Ball, location: 2F
2-1: Called Strike
2-2: Foul Ball, location: 2F
2-2: Ball
3-2: Base on Balls
Carlos Chávez scores
Júlio Gonzáles to third
Jules Winnfield to second
Batting: LHB Alberto Garza 0-0: Swinging Strike
0-1: Ball
1-1: Ball
2-1: Called Strike
2-2: Foul Ball, location: 2F
2-2: Fielders Choice at 2nd, 6-4 (Groundball, 6)
Top of the 7th over - 1 run(s), 0 hit(s), 0 error(s), 2 left on base; Durham 5 - Richland 1
BOTTOM OF THE 7TH
Richland Rails batting - Pitching for Durham Rapiers : RHP Dave Seals
Batting: LHB Armando Peńa 0-0: Ball
1-0: Fly out, F8 (Line Drive, 8RM)
Batting: RHB Kazu Hishida 0-0: Ball
1-0: Foul Ball, location: 2F
1-1: Swinging Strike
1-2: Ball
2-2: Ball
3-2: Base on Balls
Batting: LHB Orlando Casillas 0-0: Called Strike
0-1: Foul Ball, location: 2F
0-2: Ball
1-2: Ball
2-2: Foul Ball, location: 2F
2-2: SINGLE (Groundball, 4M) (infield hit)
Kazu Hishida to second
Batting: RHB Alexandre Keeping 0-0: Grounds into double play, 6-4-3 (Groundball, 6)
Bottom of the 7th over - 0 run(s), 1 hit(s), 0 error(s), 1 left on base; Durham 5 - Richland 1
TOP OF THE 8TH
Durham Rapiers batting - Pitching for Richland Rails : RHP Russ Melton
Batting: RHB Dave Sienna 0-0: Foul Ball, location: 2F
0-1: Foul Ball, location: 2F
0-2: Strikes out looking
Batting: RHB Luis Martínez 0-0: Ball
1-0: Called Strike
1-1: SINGLE (Line Drive, 56D)
Batting: RHB Rick McGuire 0-0: Swinging Strike
0-1: Ball
1-1: Ball
2-1: Grounds into double play, 4-6-3 (Groundball, 4)
Top of the 8th over - 0 run(s), 1 hit(s), 0 error(s), 0 left on base; Durham 5 - Richland 1
BOTTOM OF THE 8TH
Richland Rails batting - Pitching for Durham Rapiers : RHP Dave Seals
Batting: SHB Félix Medina 0-0: Ball
1-0: Ground out 3-1 (Groundball, 34)
Batting: RHB Lee Faught 0-0: Called Strike
0-1: Ball
1-1: Ground out 6-3 (Groundball, 6)
Batting: SHB Jorge Colón 0-0: Ball
1-0: Called Strike
1-1: Ball
2-1: DOUBLE (Line Drive, 7LM)
Batting: RHB Christian Gentry 0-0: Ball
1-0: Called Strike
1-1: Ball
2-1: Fly out, F9 (Flyball, 9S)
Bottom of the 8th over - 0 run(s), 1 hit(s), 0 error(s), 1 left on base; Durham 5 - Richland 1
TOP OF THE 9TH
Durham Rapiers batting - Pitching for Richland Rails : RHP Russ Melton
Batting: SHB Carlos Chávez 0-0: Ball
1-0: SOLO HOME RUN (Line Drive, 7LS), Distance : 339 ft
Batting: RHB Júlio Gonzáles 0-0: Ball
1-0: Foul Ball, location: 2F
1-1: Ball
2-1: SOLO HOME RUN (Flyball, 8LXD), Distance : 432 ft
Batting: RHB António Díaz 0-0: Fly out, F9 (Flyball, 9S)
Batting: RHB Jules Winnfield 0-0: Called Strike
0-1: SINGLE (Line Drive, 8RS)
Batting: RHB Vincent Klein 0-0: Called Strike
0-1: Ball
1-1: Ball
2-1: Fly out, F7 (Flyball, 78XD)
Batting: LHB Alberto Garza 0-0: Ball
1-0: Fielders Choice at 2nd, U6 (Groundball, 6M)
Top of the 9th over - 2 run(s), 3 hit(s), 0 error(s), 1 left on base; Durham 7 - Richland 1
BOTTOM OF THE 9TH
Richland Rails batting - Pitching for Durham Rapiers : RHP Dave Seals
Now in RF: Jesús Aguilar
Batting: LHB Mike Gillespie 0-0: Called Strike
0-1: Ground out 6-3 (Groundball, 6)
Batting: LHB Armando Peńa 0-0: Ball
1-0: Swinging Strike
1-1: Ball
2-1: Swinging Strike
2-2: Ball
3-2: Ground out 1-3 (Groundball, P)
Batting: RHB Kazu Hishida 0-0: Ground out 5-3 (Groundball, 5S)
Bottom of the 9th over - 0 run(s), 0 hit(s), 0 error(s), 0 left on base; Durham 7 - Richland 1
Wednesday, August 30th, 2017 - OOTP Baseball 17.12 Build 75